 Dungeon Crawl Stone Soup version 0.20-a0-1015-g2ec8a95 (webtiles) character file.

7 Gorice the Sneak (level 2, 0/15 HPs)
             Began as a Kobold Enchanter on Apr 15, 2017.
             Slain by a jackal (2 damage)
             ... on level 1 of the Dungeon.
             The game lasted 00:01:30 (358 turns).

Gorice the Sneak (Kobold Enchanter)                  Turns: 358, Time: 00:01:31

Health: 0/15       AC:  2    Str:  5    XL:     2   Next: 5%
Magic:  0/5        EV: 15    Int: 16    God:
Gold:   1          SH:  0    Dex: 15    Spells: 4/5 levels left

rFire    . . .     SeeInvis .   b - +1 short sword (speed)
rCold    . . .     Gourm    .   (shield restricted)
rNeg     . . .     Faith    .   e - +0 robe
rPois    .         Spirit   .   (no helmet)
rElec    .         Reflect  .   (no cloak)
rCorr    .         Harm     .   (no gloves)
MR       .....                  (no boots)
Stlth    +++.......             (no amulet)
Regen    0.1/turn               (no ring)
MPRegen  0.1/turn               (no ring)

@: no status effects
A: carnivore 3
a: no special abilities


You were on level 1 of the Dungeon.
You were not hungry.

You visited 1 branch of the dungeon, and saw 1 of its levels.

You collected 1 gold pieces.

Inventory:

Hand Weapons
 a - a +1 dagger
 b - a +1 short sword of speed (weapon)
   (You found it on level 1 of the Dungeon)
Armour
 e - a +0 robe (worn)
Scrolls
 f - a scroll of enchant armour {unknown}
Books
 c - a book of Maledictions
Comestibles
 d - a meat ration {!e}


   Skills:
 + Level 2.1 Short Blades
 - Level 2.4 Dodging
 - Level 4.0 Stealth
 - Level 2.1 Spellcasting
 * Level 3.2 Hexes


You had 4 spell levels left.
You knew the following spells:

 Your Spells              Type           Power        Failure   Level  Hunger
a - Corona                Hex            ##.....      8%          1    #......


Dungeon Overview and Level Annotations

Branches:
Dungeon (1/15)

Altars:


Innate Abilities, Weirdness & Mutations

You are small and have problems with some larger weapons.
You are carnivorous and can eat meat at any time.


Message History

The jackal bites you.
* * * LOW HITPOINT WARNING * * *
The jackal moves out of view.
A jackal comes into view.
Damage: 2 (max 3)
The jackal barks!
You hit the jackal but do no damage.
The jackal is almost dead.
The jackal closely misses you.
You hit the jackal.
You kill the jackal!
Your Short Blades skill increases to level 2!
The bat hits the plant but does no damage. x2
The bat hits the plant but does no damage. x3
Something hits the plant but does no damage.
The jackal bites the bush.
Something hits the plant but does no damage. x2
Something hits the plant but does no damage.
Something hits the plant.
Something completely misses the plant.
Casting: Corona
Confirm with . or Enter, or press ? or * to list all spells.
Aiming: Corona
Press: ? - help, Shift-Dir - straight line, f - jackal
Aim: a jackal (chance to defeat MR: 64%)
The jackal barely resists.
You hit the jackal but do no damage. The jackal barely misses you.
You hit the jackal.
The jackal is heavily wounded.
The jackal bites you.
* * * LOW HITPOINT WARNING * * *
Damage: 1 (max 3)
You hit the jackal but do no damage.
The jackal is heavily wounded.
The jackal barely misses you.
You closely miss the jackal.
The jackal is heavily wounded.
The jackal bites you but does no damage.
You hit the jackal.
The jackal is almost dead.
The jackal misses you.
You hit the jackal.
You kill the jackal!
You have reached level 2!
You hit the jackal but do no damage. The jackal barely misses you.
You hit the jackal but do no damage. The jackal closely misses you.
You closely miss the jackal. The jackal barely misses you.
You hit the jackal.
The jackal is heavily wounded.
The jackal bites you.
You die...

#...♣♣.♣.♣..♣♣##..#.# .
....♣♣..♣♣.P♣.##..#.##..
.....♣♣...♣♣...........#
......♣.P♣###........P..
.#.......).......P..P♣PP
.####.######.##..P♣♣♣PPP
.####.# #.###...♣♣♣.♣
......# #.####...♣♣♣.
####### #.#.h@...P♣
#.#.##.##..♣
#.#.##.###...P
#...>.....PP..
#.#h##.#### ..
#bP.#.##.# . #.♣.P....#
#.♣♣♣.P#.# # ♣♣$. ..


You could see a jackal.

Vanquished Creatures
  A goblin (D:1)
  A hobgoblin (D:1)
  2 jackals (D:1)
  A bat (D:1)
  A rat (D:1)
6 creatures vanquished.

Notes
Turn   | Place    | Note
-------+----------+-------------------------------------------
     0 | D:1      | Gorice the Kobold Enchanter began the quest for the Orb.
     0 | D:1      | Reached XP level 1. HP: 10/10 MP: 3/3
   340 | D:1      | HP: 2/10 [jackal (2)]
   342 | D:1      | Reached skill level 2 in Short Blades
   350 | D:1      | HP: 1/10 [jackal (1)]
   354 | D:1      | Reached XP level 2. HP: 2/15 MP: 0/5
   358 | D:1      | Slain by a jackal

Vault maps used:
D:1:      dpeg_arrival_renting, serial_forest, infiniplex_forest_corner_2,
          infiniplex_forest_clump_curved, infiniplex_forest_corner_2,
          infiniplex_forest_clump_diagonal, infiniplex_forest_3_way,
          infiniplex_forest_lined_room_2, hangedman_decor_riveting,
          minmay_misc_feat_more_columns

Skill      XL: |  1 |
---------------+----+-----
Short Blades   | 2 |  2.1
Dodging        | |  2.4
Stealth        | |  4.0
Spellcasting   | |  2.1
Hexes          | |  3.2

Action                   || total
-------------------------++-------
Melee: Short sword       ||    19
       Dagger            ||    10
 Cast: Corona            ||     8
 Stab: Sleeping          ||     1
  Eat: Chunk             ||     2
Armor: Robe              ||     2
Dodge: Dodged            ||    22

Table legend:
 A = Turns spent in this place as a percentage of turns spent in the entire game.
 B = Non-inter-level travel turns spent in this place as a percentage of non-inter-level travel turns spent in the entire game.
 C = Inter-level travel turns spent in this place as a percentage of turns spent in this place.
 D = Turns resting spent in this place as a percentage of non-inter-level travel turns spent in this place.
 E = Turns spent auto-exploring this place as a percentage of non-inter-level travel turns spent in this place.
 F = Non-inter-level travel turns spent in this place divided by the number of levels of this place that you've seen.
                   A       B       C       D       E      F
               +-------+-------+-------+-------+-------+----------------------
         Total | 100.0 | 100.0 |   0.0 |   4.1 |   3.3 | 122.0
       Dungeon | 100.0 | 100.0 |   0.0 |   4.1 |   3.3 | 122.0
               +-------+-------+-------+-------+-------+----------------------

Vault maps used:
D:1:      dpeg_arrival_renting, serial_forest, infiniplex_forest_corner_2,
          infiniplex_forest_clump_curved, infiniplex_forest_corner_2,
          infiniplex_forest_clump_diagonal, infiniplex_forest_3_way,
          infiniplex_forest_lined_room_2, hangedman_decor_riveting,
          minmay_misc_feat_more_columns
